SAAA
FLORIDA MEN @ PAWNEE PARKSNREC
08/19/2042
 
TOP OF THE 1ST
Florida Men batting - Pitching for Pawnee ParksNRec : RHP Aki Kiridoshi
Pitching: RHP Aki Kiridoshi
Batting: RHB Matsudaira Sugahara 0-0: Called Strike
0-1: Foul Ball, location: 2F
0-2: Ball
1-2: Fly out, F9 (Line Drive, 9D, EV 100.6 MPH)
Batting: RHB Marcos Janero 0-0: Fly out, F6 (Popup, 6M, EV 71.2 MPH)
Batting: LHB Edward Kisiner 0-0: Called Strike
0-1: Ball
1-1: Foul Ball, location: 2F
1-2: Foul Ball, location: 2F
1-2: Strikes out swinging
Top of the 1st over - 0 runs, 0 hits, 0 errors, 0 left on base; Florida 0 - Pawnee 0
BOTTOM OF THE 1ST
Pawnee ParksNRec batting - Pitching for Florida Men : LHP Jorge Oyas
Pitching: LHP Jorge Oyas
Batting: RHB Hiroshige Ohashi 0-0: Called Strike
0-1: Swinging Strike
0-2: Strikes out looking
Batting: RHB Igme Padoga 0-0: Fly out, F4 (Popup, 4M, EV 71.9 MPH)
Batting: RHB Josh Mawdesley 0-0: Fly out, F7 (Flyball, 78S, EV 98.1 MPH)
Bottom of the 1st over - 0 runs, 0 hits, 0 errors, 0 left on base; Florida 0 - Pawnee 0
TOP OF THE 2ND
Florida Men batting - Pitching for Pawnee ParksNRec : RHP Aki Kiridoshi
Batting: RHB Walke Mehoff 0-0: Called Strike
0-1: Foul Ball, location: 2F
0-2: Ball
1-2: SOLO HOME RUN (Flyball, 7D, EV 94.4 MPH), Distance : 367 ft
Batting: RHB César Guerra 0-0: Ball
1-0: Ball
2-0: Foul Ball, location: 2F
2-1: Ball
3-1: Base on Balls
Batting: LHB Basava Puri 0-0: Ball
1-0: Ball
2-0: Ball
3-0: Called Strike
3-1: Foul Ball, location: 2F
3-2: Foul Ball, location: 2F
3-2: Base on Balls
César Guerra to second
Batting: RHB Pellervo Rintanen 0-0: Called Strike
0-1: Foul Ball, location: 2F
0-2: Ball
1-2: Foul Ball, location: 2F
1-2: Foul Ball, location: 2F
1-2: 3-RUN HOME RUN (Line Drive, 7D, EV 103.8 MPH), Distance : 383 ft
Batting: LHB Peter Metellus 0-0: Ball
1-0: Foul Ball, location: 2F
1-1: Foul Ball, location: 2F
1-2: Ball
2-2: SINGLE (Groundball, 4MD, EV 104.4 MPH)
Batting: LHB Carlos Campos 0-0: Foul Ball, location: 2F
0-1: Fielders Choice at 2nd, 4-6 (Groundball, 4, EV 101.9 MPH)
Batting: RHB Matsudaira Sugahara 0-0: Foul Ball, location: 2F
0-1: Swinging Strike
0-2: Ball
1-2: Ball
2-2: Ball
3-2: Strikes out swinging
Batting: RHB Marcos Janero 0-0: Ball
1-0: Called Strike
1-1: Swinging Strike
1-2: Foul Ball, location: 2F
1-2: Strikes out looking
Top of the 2nd over - 4 runs, 3 hits, 0 errors, 1 left on base; Florida 4 - Pawnee 0
BOTTOM OF THE 2ND
Pawnee ParksNRec batting - Pitching for Florida Men : LHP Jorge Oyas
Batting: RHB Manuel Acosta 0-0: Ball
1-0: Called Strike
1-1: Called Strike
1-2: Strikes out swinging
Batting: LHB Won-shik Yi 0-0: Foul Ball, location: 2F
0-1: Ball
1-1: Fly out, F8 (Flyball, 8RS, EV 98.1 MPH)
Batting: RHB Bartolo Álvarez 0-0: Ball
1-0: Fly out, F7 (Flyball, 7LS, EV 90.6 MPH)
Bottom of the 2nd over - 0 runs, 0 hits, 0 errors, 0 left on base; Florida 4 - Pawnee 0
TOP OF THE 3RD
Florida Men batting - Pitching for Pawnee ParksNRec : RHP Aki Kiridoshi
Batting: LHB Edward Kisiner 0-0: Called Strike
0-1: TRIPLE (Line Drive, 8RXD, EV 108.8 MPH)
Batting: RHB Walke Mehoff 0-0: Fly out, F7 (Line Drive, 7D, EV 91.9 MPH)
Runner from 3rd tags up, SCORES, no throw by LF
Batting: RHB César Guerra 0-0: Called Strike
0-1: Ball
1-1: Ball
2-1: Swinging Strike
2-2: Ball
3-2: Foul Ball, location: 2F
3-2: Fly out, F4 (Popup, 3S, EV 74.4 MPH)
Batting: LHB Basava Puri 0-0: Called Strike
0-1: Foul Ball, location: 2F
0-2: Foul Ball, location: 2F
0-2: Fly out, F4 (Popup, 34, EV 77.5 MPH)
Top of the 3rd over - 1 run, 1 hit, 0 errors, 0 left on base; Florida 5 - Pawnee 0
BOTTOM OF THE 3RD
Pawnee ParksNRec batting - Pitching for Florida Men : LHP Jorge Oyas
Batting: SHB Jake Pinto 0-0: Called Strike
0-1: Ball
1-1: Swinging Strike
1-2: Strikes out looking
Batting: RHB Henry Kent 0-0: Called Strike
0-1: Called Strike
0-2: Ball
1-2: Strikes out swinging
Batting: RHB Abel Murphy 0-0: Ball
1-0: Ball
2-0: Ball
3-0: Called Strike
3-1: Base on Balls
Batting: RHB Hiroshige Ohashi 0-0: Ball
1-0: Ground out U3 (Groundball, 3L, EV 78.1 MPH)
Bottom of the 3rd over - 0 runs, 0 hits, 0 errors, 1 left on base; Florida 5 - Pawnee 0
TOP OF THE 4TH
Florida Men batting - Pitching for Pawnee ParksNRec : RHP Aki Kiridoshi
Batting: RHB Pellervo Rintanen 0-0: Ball
1-0: Ball
2-0: Ground out 4-3 (Groundball, 4MS, EV 91.2 MPH)
Batting: LHB Peter Metellus 0-0: Ball
1-0: Ball
2-0: Ground out 4-3 (Groundball, 4S, EV 85.6 MPH)
Batting: LHB Carlos Campos 0-0: Ball
1-0: Ball
2-0: Ball
3-0: Base on Balls
Pitching: RHP Álex Ortíz
Batting: RHB Matsudaira Sugahara 0-0: Called Strike
0-1: Ball
1-1: Called Strike
1-2: Ball
2-2: DOUBLE (Line Drive, 5D, EV 94.4 MPH)
Carlos Campos to third
Batting: RHB Marcos Janero 0-0: Hit by Pitch
Batting: LHB Edward Kisiner 0-0: Ball
1-0: Ground out 4-3 (Groundball, 4, EV 105.0 MPH)
Top of the 4th over - 0 runs, 1 hit, 0 errors, 3 left on base; Florida 5 - Pawnee 0
BOTTOM OF THE 4TH
Pawnee ParksNRec batting - Pitching for Florida Men : LHP Jorge Oyas
Batting: RHB Igme Padoga 0-0: Called Strike
0-1: Ball
1-1: Ball
2-1: Ball
3-1: Called Strike
3-2: Foul Ball, location: 2F
3-2: Foul Ball, location: 2F
3-2: Base on Balls
Batting: RHB Josh Mawdesley 0-0: Called Strike
0-1: Called Strike
0-2: Foul Ball, location: 2F
0-2: Fly out, F3 (Popup, 3SF, EV 73.1 MPH)
Batting: RHB Manuel Acosta 0-0: Ball
1-0: Fly out, F4 (Line Drive, 4, EV 68.1 MPH)
Batting: LHB Won-shik Yi 0-0: Ball
1-0: Ball
2-0: Swinging Strike
2-1: Swinging Strike
2-2: Ball
3-2: Fly out, F6 (Popup, 4MD, EV 56.2 MPH)
Bottom of the 4th over - 0 runs, 0 hits, 0 errors, 1 left on base; Florida 5 - Pawnee 0
TOP OF THE 5TH
Florida Men batting - Pitching for Pawnee ParksNRec : RHP Álex Ortíz
Batting: RHB Walke Mehoff 0-0: Ball
1-0: Ball
2-0: Ground out 5-3 (Groundball, 5L, EV 83.1 MPH)
Batting: RHB César Guerra 0-0: Called Strike
0-1: Called Strike
0-2: Foul Ball, location: 2F
0-2: Foul Ball, location: 2F
0-2: Foul Ball, location: 2F
0-2: Fly out, F8 (Flyball, 8RM, EV 81.2 MPH)
Batting: LHB Basava Puri 0-0: Called Strike
0-1: Swinging Strike
0-2: DOUBLE (Flyball, 89XD, EV 101.2 MPH)
Batting: RHB Pellervo Rintanen 0-0: Ball
1-0: Ball
2-0: Ball
3-0: Called Strike
3-1: Foul Ball, location: 2F
3-2: Base on Balls
Batting: LHB Peter Metellus 0-0: Called Strike
0-1: Ball
1-1: Foul Ball, location: 2F
1-2: Foul Ball, location: 2F
1-2: Ball
2-2: DOUBLE (Line Drive, 9D, EV 88.8 MPH)
Basava Puri scores
Pellervo Rintanen to third
Runner from 3rd tries for Home, SAFE, throw by RF to trailing runner, SAFE at third!
Batting: LHB Carlos Campos 0-0: Called Strike
0-1: Foul Ball, location: 2F
0-2: Ground out U3 (Groundball, 34, EV 81.9 MPH)
Top of the 5th over - 2 runs, 2 hits, 0 errors, 1 left on base; Florida 7 - Pawnee 0
BOTTOM OF THE 5TH
Pawnee ParksNRec batting - Pitching for Florida Men : LHP Jorge Oyas
Batting: RHB Bartolo Álvarez 0-0: Swinging Strike
0-1: Ball
1-1: Ball
2-1: Called Strike
2-2: Foul Ball, location: 2F
2-2: Foul Ball, location: 2F
2-2: Ball
3-2: Base on Balls
Batting: SHB Jake Pinto 0-0: Ball
1-0: Called Strike
1-1: Swinging Strike
1-2: Strikes out looking
Batting: RHB Henry Kent 0-0: Called Strike
0-1: Ball
1-1: Ball
2-1: Swinging Strike
2-2: Grounds into double play, 4-6-3 (Groundball, 4, EV 86.9 MPH)
Bottom of the 5th over - 0 runs, 0 hits, 0 errors, 0 left on base; Florida 7 - Pawnee 0
TOP OF THE 6TH
Florida Men batting - Pitching for Pawnee ParksNRec : RHP Álex Ortíz
Batting: RHB Matsudaira Sugahara 0-0: Ball
1-0: Foul Ball, location: 2F
1-1: Swinging Strike
1-2: Foul Ball, location: 2F
1-2: Foul Ball, location: 2F
1-2: Strikes out swinging
Batting: RHB Marcos Janero 0-0: Foul Ball, location: 2F
0-1: Called Strike
0-2: Foul Ball, location: 2F
0-2: SINGLE (Groundball, 6, EV 106.9 MPH) (infield hit)
Batting: LHB Edward Kisiner 0-0: Foul Ball, location: 2F
0-1: Ball
1-1: Ball
2-1: Foul Ball, location: 2F
2-2: Foul Ball, location: 2F
2-2: Foul Ball, location: 2F
2-2: Fielders Choice at 2nd, 4-6 (Groundball, 4, EV 84.4 MPH)
Batting: RHB Walke Mehoff 0-0: Ball
1-0: Ball
2-0: Fly out, F8 (Flyball, 78M, EV 98.1 MPH)
Top of the 6th over - 0 runs, 1 hit, 0 errors, 1 left on base; Florida 7 - Pawnee 0
BOTTOM OF THE 6TH
Pawnee ParksNRec batting - Pitching for Florida Men : LHP Jorge Oyas
Batting: RHB Abel Murphy 0-0: Fly out, F8 (Flyball, 8RS, EV 86.9 MPH)
Batting: RHB Hiroshige Ohashi 0-0: Ball
1-0: Ball
2-0: Foul Ball, location: 2F
2-1: Fly out, F9 (Flyball, 89M, EV 76.2 MPH)
Batting: RHB Igme Padoga 0-0: Swinging Strike
0-1: Ball
1-1: Foul Ball, location: 2F
1-2: Strikes out looking
Bottom of the 6th over - 0 runs, 0 hits, 0 errors, 0 left on base; Florida 7 - Pawnee 0
TOP OF THE 7TH
Florida Men batting - Pitching for Pawnee ParksNRec : RHP Álex Ortíz
Batting: RHB César Guerra 0-0: Called Strike
0-1: Ball
1-1: Ball
2-1: Fly out, F8 (Line Drive, 8LD, EV 93.1 MPH)
Batting: LHB Basava Puri 0-0: Called Strike
0-1: Ball
1-1: Ball
2-1: Ball
3-1: SINGLE (Line Drive, 8RS, EV 106.9 MPH)
Pitching: RHP Nand Lal Chaudhary
Batting: RHB Pellervo Rintanen 0-0: Ball
1-0: Ball
2-0: Fly out, F7 (Flyball, 7S, EV 79.4 MPH)
Batting: LHB Peter Metellus 0-0: Ball
1-0: Called Strike
1-1: Foul Ball, location: 2F
1-2: Strikes out swinging
Top of the 7th over - 0 runs, 1 hit, 0 errors, 1 left on base; Florida 7 - Pawnee 0
BOTTOM OF THE 7TH
Pawnee ParksNRec batting - Pitching for Florida Men : LHP Jorge Oyas
Pinch Hitting: LHB Ron Lee 0-0: Ball
1-0: SINGLE (Groundball, 6D, EV 110.0 MPH)
Pinch Hitting: RHB Baldwin Biele 0-0: Fly out, F9 (Flyball, 9S, EV 94.4 MPH)
Batting: LHB Won-shik Yi 0-0: Called Strike
0-1: Ball
1-1: Foul Ball, location: 2F
1-2: Ball
2-2: SINGLE (Groundball, 4MD, EV 104.4 MPH)
Ron Lee to second
Ron Lee to third
Batting: RHB Bartolo Álvarez 0-0: Called Strike
0-1: Ball
1-1: Called Strike
1-2: Ball
2-2: Ball
3-2: Strikes out looking
Batting: SHB Jake Pinto 0-0: Foul Ball, location: 2F
0-1: Foul Ball, location: 2F
0-2: Ball
1-2: Strikes out swinging
Bottom of the 7th over - 0 runs, 2 hits, 0 errors, 2 left on base; Florida 7 - Pawnee 0
TOP OF THE 8TH
Florida Men batting - Pitching for Pawnee ParksNRec : RHP Nand Lal Chaudhary
Now at 1B: Sherman Hoffman
Now in RF: Ron Lee
Batting: LHB Carlos Campos 0-0: Foul Ball, location: 2F
0-1: Ball
1-1: Called Strike
1-2: Ball
2-2: Ground out 4-3 (Groundball, 4, EV 110.0 MPH)
Batting: RHB Matsudaira Sugahara 0-0: Foul Ball, location: 2F
0-1: Ball
1-1: SINGLE (Groundball, 5D, EV 95.0 MPH)
Batting: RHB Marcos Janero 0-0: 2-RUN HOME RUN (Flyball, 78XD, EV 100.6 MPH), Distance : 432 ft
Batting: LHB Edward Kisiner 0-0: Ball
1-0: Ball
2-0: Foul Ball, location: 2F
2-1: Ball
3-1: Base on Balls
Batting: RHB Walke Mehoff 0-0: Ball
1-0: Called Strike
1-1: Swinging Strike
1-2: Ball
2-2: Foul Ball, location: 2F
2-2: Foul Ball, location: 2F
2-2: Grounds into double play, 5-4-3 (Groundball, 56, EV 86.2 MPH)
Top of the 8th over - 2 runs, 2 hits, 0 errors, 0 left on base; Florida 9 - Pawnee 0
BOTTOM OF THE 8TH
Pawnee ParksNRec batting - Pitching for Florida Men : LHP Jorge Oyas
Batting: RHB Henry Kent 0-0: Ball
1-0: Ball
2-0: Called Strike
2-1: Ball
3-1: Base on Balls
Batting: RHB Abel Murphy 0-0: Ball
1-0: Foul Ball, location: 2F
1-1: Ball
2-1: Ball
3-1: Foul Ball, location: 2F
3-2: Base on Balls
Henry Kent to second
Batting: RHB Hiroshige Ohashi 0-0: Ball
1-0: Fly out, F9 (Flyball, 89S, EV 89.4 MPH)
Batting: RHB Igme Padoga 0-0: Ball
1-0: Fielders Choice at 2nd, 4-6 (Groundball, 4, EV 79.4 MPH)
Henry Kent to third
Pitching: RHP John Fain
Batting: LHB Ron Lee 0-0: 3-RUN HOME RUN (Line Drive, 9LD, EV 96.9 MPH), Distance : 360 ft
Batting: LHB Sherman Hoffman 0-0: Ball
1-0: Fly out, F9 (Flyball, 9, EV 82.5 MPH)
Bottom of the 8th over - 3 runs, 1 hit, 0 errors, 0 left on base; Florida 9 - Pawnee 3
TOP OF THE 9TH
Florida Men batting - Pitching for Pawnee ParksNRec : RHP Nand Lal Chaudhary
Batting: RHB César Guerra 0-0: Ball
1-0: Foul Ball, location: 2F
1-1: Ball
2-1: Called Strike
2-2: Foul Ball, location: 2F
2-2: Foul Ball, location: 2F
2-2: Ball
3-2: Fly out, F8 (Flyball, 8LS, EV 92.5 MPH)
Batting: LHB Basava Puri 0-0: Called Strike
0-1: Ball
1-1: Ball
2-1: SINGLE (Groundball, 34D, EV 107.5 MPH)
Batting: RHB Pellervo Rintanen 0-0: Fly out, F8 (Flyball, 8LD, EV 96.2 MPH)
Batting: LHB Peter Metellus 0-0: Fielders Choice at 2nd, 6-4 (Groundball, 6, EV 103.8 MPH)
Top of the 9th over - 0 runs, 1 hit, 0 errors, 1 left on base; Florida 9 - Pawnee 3
BOTTOM OF THE 9TH
Pawnee ParksNRec batting - Pitching for Florida Men : RHP John Fain
Batting: LHB Won-shik Yi 0-0: Foul Ball, location: 2F
0-1: DOUBLE (Flyball, 8LXD, EV 112.5 MPH)
Batting: RHB Bartolo Álvarez 0-0: Ball
1-0: Foul Ball, location: 2F
1-1: Called Strike
1-2: Ball
2-2: Ball
3-2: SINGLE (Line Drive, 8RS, EV 108.1 MPH)
Won-shik Yi to third
Batting: SHB Jake Pinto 0-0: Swinging Strike
0-1: Ball
1-1: Fly out, F8 (Flyball, 78S, EV 95.6 MPH)
Batting: RHB Henry Kent 0-0: Ball
1-0: Called Strike
1-1: Foul Ball, location: 2F
1-2: Foul Ball, location: 2F
1-2: Ball
2-2: Foul Ball, location: 2F
2-2: Foul Ball, location: 2F
2-2: Ball
3-2: Base on Balls
Bartolo Álvarez to second
Batting: RHB Abel Murphy 0-0: Called Strike
0-1: Ball
1-1: Ball
2-1: Swinging Strike
2-2: Fly out, F8 (Flyball, 89S, EV 86.9 MPH)
Batting: RHB Hiroshige Ohashi 0-0: Called Strike
0-1: Ball
1-1: Called Strike
1-2: Ball
2-2: Strikes out looking
Bottom of the 9th over - 0 runs, 2 hits, 0 errors, 3 left on base; Florida 9 - Pawnee 3
Friday, March 26th, 2021 - OOTP Baseball 20.8 Build 74